 Dungeon Crawl Stone Soup version 0.25.0-26-g0c896c7088 (webtiles) character file.

Game seed: 740084665568050339

389806 EWolf27 the Slayer (level 23, -4/234 HPs)
             Began as a Hill Orc Fighter on June 21, 2020.
             Was the Champion of Qazlal.
             Killed from afar by a starcursed mass (10 damage)
             ... with an accursed screaming
             ... on level 3 of the Abyss on July 2, 2020.
             The game lasted 05:02:51 (60467 turns).

EWolf27 the Slayer (Hill Orc Fighter)              Turns: 60467, Time: 05:02:52

Health: -4/234     AC: 23    Str: 30      XL:     23   Next: 7%
Magic:  27/27      EV: 16    Int:  4 (6)  God:    Qazlal [******]
Gold:   3418       SH: 34    Dex: 15      Spells: 22/22 levels left

rFire    . . .     SeeInvis +   a - +9 broad axe "Xisaf" {venom, Str+2 Dex+4}
rCold    + . .     Gourm    .   T - +2 kite shield
rNeg     + . .     Faith    .   S - +4 plate armour {rC+}
rPois    +         Spirit   .   r - +0 helmet {SInv}
rElec    .         Reflect  +   O - +0 cloak {rPois}
rCorr    .         Harm     .   E - +0 pair of gloves of the Morning Star {MR++}
MR       +++..     Rnd*Rage +   F - +0 pair of boots
Stlth    ..........             Q - amulet of reflection
HPRegen  0.49/turn              o - ring of positive energy
MPRegen  0.20/turn              L - +4 ring of evasion

@: very slightly contaminated, studying Necromancy, invisible, repel missiles
A: large bone plates 1, [berserk 2], [blurry vision 3], [deformed body],
[deterioration 2], [dopey 2], [low mp 3], [screaming 1], strong 1, [no potion
heal 2], [subdued magic 3]
}: 2/15 runes: decaying, gossamer
a: Upheaval, Elemental Force, Disaster Area, Renounce Religion


You were on level 3 of the Abyss.
You worshipped Qazlal.
Qazlal was exalted by your worship.
You were not hungry.

You visited 8 branches of the dungeon, and saw 38 of its levels.
You visited the Abyss 1 time.
You also visited: Gauntlet and Wizlab.

You collected 3911 gold pieces.
You spent 493 gold pieces at shops.

Inventory:

Hand Weapons
 a - the +9 broad axe "Xisaf" (weapon) {venom, Str+2 Dex+4}
   (You acquired it on level 4 of the Lair of Beasts)

   It poisons the flesh of those it strikes.
   It affects your strength (+2).
   It affects your dexterity (+4).
 b - a +2 vampiric whip
Missiles
 e - 14 silver javelins
 q - 38 javelins (quivered)
 s - 46 poisoned darts
Armour
 h - a +1 cloak of poison resistance
 r - a +0 helmet of see invisible (worn)
 E - the +0 pair of gloves of the Morning Star (worn) {MR++}
   (You took it off Nikola on level 4 of the Spider Nest)

   It affects your resistance to hostile enchantments.
 F - a +0 pair of boots (worn)
 O - a +0 cloak of poison resistance (worn)
 S - a +4 plate armour of cold resistance (worn)
 T - a +2 kite shield (worn)
Jewellery
 o - a ring of positive energy (left hand)
 p - an uncursed ring of protection from magic
 L - a +4 ring of evasion (right hand)
 Q - an amulet of reflection (around neck)
Wands
 y - a wand of flame (101)
 A - a wand of digging (20)
 D - a wand of iceblast (57)
 G - a wand of acid (14)
 V - a wand of disintegration (58)
Scrolls
 c - a scroll of brand weapon
 g - 8 scrolls of teleportation
 i - 13 scrolls of remove curse
 m - 3 scrolls of blinking
 n - 2 scrolls of enchant armour
 t - a scroll of magic mapping
 K - 3 scrolls of fog
 N - 9 scrolls of identify
 P - 8 scrolls of fear
 R - 2 scrolls of holy word
Potions
 d - 5 potions of might
 j - 5 potions of lignification
 k - a potion of invisibility
 z - 11 potions of curing
 B - 4 potions of flight
 C - 2 potions of cancellation
 J - 3 potions of magic
 M - 2 potions of resistance
 U - 3 potions of haste
Books
 X - a manual of Necromancy
Miscellaneous
 w - a tin of tremorstones (3/3)
 W - a phial of floods
Comestibles
 f - 21 rations


   Skills:
 + Level 25.2 Fighting
 - Level 18.0(18.4) Axes
 - Level 6.2(12.0) Maces & Flails
 - Level 16.0 Armour
 - Level 6.0 Dodging
 - Level 0.1 Stealth
 - Level 15.0 Shields
 - Level 24.0 Invocations
 - Level 6.0 Evocations


You had 22 spell levels left.
You didn't know any spells.
Your spell library contained the following spells:

 Spells                   Type           Power        Failure   Level  Hunger
 Animate Skeleton         Necr           N/A          92%         1    ##.....
 Apportation              Tloc           #.....       92%         1    ##.....
 Beastly Appendage        Tmut           #.....       92%         1    ##.....
 Corona                   Hex            #......      92%         1    ##.....
 Freeze                   Ice            #...         92%         1    ##.....
 Infusion                 Chrm           #...         92%         1    ##.....
 Magic Dart               Conj           #...         92%         1    ##.....
 Sandblast                Erth           #.....       92%         1    ##.....
 Summon Small Mammal      Summ           #...         92%         1    ##.....
 Blink                    Tloc           N/A          98%         2    ###....
 Call Imp                 Summ           #.......     98%         2    ###....
 Ensorcelled Hibernation  Hex/Ice        #.....       98%         2    ###....
 Passwall                 Tmut/Erth      #.......     98%         2    ###....
 Searing Ray              Conj           #.....       98%         2    ###....
 Shroud of Golubria       Chrm/Tloc      #.....       98%         2    ###....
 Slow                     Hex            #.......     98%         2    ###....
 Song of Slaying          Chrm           #.......     98%         2    ###....
 Sticks to Snakes         Tmut           #.......     98%         2    ###....
 Confusing Touch          Hex            #.......     100%        3    ####...
 Conjure Flame            Conj/Fire      #.......     100%        3    ####...
 Dazzling Flash           Conj/Hex       #.....       100%        3    ####...
 Frozen Ramparts          Ice            #.....       100%        3    ####...
 Gell's Gravitas          Tloc           #.........   100%        3    ####...
 Mephitic Cloud           Conj/Pois/Air  #.......     100%        3    ####...
 Ozocubu's Armour         Chrm/Ice       #.......     100%        3    ####...
 Recall                   Summ/Tloc      N/A          100%        3    ####...
 Spectral Weapon          Hex/Chrm       #.......     100%        3    ####...
 Spider Form              Tmut/Pois      #.........   100%        3    ####...
 Static Discharge         Conj/Air       #.......     100%        3    ####...
 Stone Arrow              Conj/Erth      #.....       100%        3    ####...
 Tukima's Dance           Hex            #.......     100%        3    ####...
 Cause Fear               Hex            #.........   100%        4    #####..
 Hailstorm                Conj/Ice       #.......     100%        4    #####..
 Ice Form                 Ice/Tmut       #.......     100%        4    #####..
 Iskenderun's Mystic Bla  Conj/Tloc      #.......     100%        4    #####..
 Petrify                  Tmut/Erth      #.......     100%        4    #####..
 Summon Ice Beast         Ice/Summ       #.......     100%        4    #####..
 Summon Lightning Spire   Summ/Air       #.......     100%        4    #####..
 Aura of Abjuration       Summ           #.........   100%        5    ######.
 Blade Hands              Tmut           #.........   100%        5    ######.
 Borgnjor's Vile Clutch   Necr/Erth      #.........   100%        5    ######.
 Iskenderun's Battlesphe  Conj/Chrm      #.......     100%        5    ######.
 Lee's Rapid Deconstruct  Erth           #.........   100%        5    ######.
 Lightning Bolt           Conj/Air       #.........   100%        5    ######.
 Metabolic Englaciation   Hex/Ice        #.........   100%        5    ######.
 Silence                  Hex/Air        #.........   100%        5    ######.
 Summon Demon             Summ           #.........   100%        5    ######.
 Summon Forest            Summ/Tloc      #.........   100%        5    ######.
 Summon Mana Viper        Hex/Summ       #.......     100%        5    ######.
 Yara's Violent Unravell  Hex/Tmut       #.........   100%        5    ######.
 Darkness                 Hex            #.........   100%        6    #######
 Shadow Creatures         Summ           N/A          100%        6    #######
 Starburst                Conj/Fire      #.........   100%        6    #######
 Malign Gateway           Summ/Tloc      #.........   100%        7    #######
 Orb of Destruction       Conj           #.........   100%        7    #######
 Spellforged Servitor     Conj/Summ      #.........   100%        7    #######
 Chain Lightning          Conj/Air       #.........   100%        8    #######
 Discord                  Hex            #.........   100%        8    #######
 Ignition                 Fire           #.........   100%        8    #######
 Lehudib's Crystal Spear  Conj/Erth      #.........   100%        8    #######
 Absolute Zero            Ice            #.........   100%        9    #######
 Fire Storm               Conj/Fire      #.........   100%        9    #######
 Shatter                  Erth           #.........   100%        9    #######
 Tornado                  Air            #.........   100%        9    #######


Dungeon Overview and Level Annotations

Branches:
Dungeon (15/15)            Temple (1/1) D:4            Lair (6/6) D:8
  Swamp (4/4) Lair:2       Spider (4/4) Lair:4        Slime (0/5) Lair:5
    Orc (2/2) D:12            Elf (2/3) Orc:2        Vaults (4/5) D:13
  Crypt (0/3) Vaults:2     Depths (0/5) D:15         WizLab (visited)
Gauntlet (visited)

Altars:
Ashenzari
Cheibriados
Dithmenos
Elyvilon
Fedhas
Gozag
Hepliaklqana
Kikubaaqudgha
Makhleb
Nemelex Xobeh
Okawaru
Qazlal
Ru
Sif Muna
Trog
Uskayaw
Vehumet
Wu Jian
Xom
Yredelemnul
Zin
The Shining One
Jiyva

Shops:
D:10 ?   D:13 *   Orc:2 :*(*   Elf:1 :**}   Vaults:1 (

Portals:
Pandemonium: Orc:2
Trove: Elf:1 (give +4 ice dragon scales)

Annotations:
D:4 3 runed translucent doors, Delamore's ghost, amateur GrFi
D:9 3 runed translucent doors, Tali's ghost, novice DsBe
D:10 2 transporters, DungeonDestroyer's ghost, journeyman GnFi
Spider:2 exclusion: oklob plant


Innate Abilities, Weirdness & Mutations

You are partially covered in large bone plates. (SH +4)
Your muscles are strong. (Str +2)
[You often lose your temper in combat.]
[Scrolls take you much longer to read.]
[Armour fits poorly on your strangely shaped body.]
[Your body often deteriorates upon taking damage.]
[You are very dopey. (Int -4)]
[Your magical capacity is extremely low. (-30% MP)]
[You occasionally shout uncontrollably at your foes.]
[Potions are poor at restoring your health.]
[Your spells are much easier to cast, but much less powerful.]


Message History

A starcursed mass splits.
A chorus of shrieks assaults your mind.
* * * LOW HITPOINT WARNING * * *
You block the thrashing horror's attack. x2
A starcursed mass splits. x2
Your system partially rejects the healing.
You feel better.
The thrashing horror roars!
You hear a croak.
You block the thrashing horror's attack. x2
A starcursed mass splits.
A blink frog comes into view.
A starcursed mass splits.
The blink frog croaks. x2
The thrashing horror is engulfed in blazing flames.
You block the thrashing horror's attack.
The thrashing horror barely misses you.
A starcursed mass splits. x2
The thrashing horror roars!
The blink frog croaks.
You block the thrashing horror's attack. x2
A deafening chorus of shrieks assaults your mind!
You die...

.# # # ## ####
.##.# #...###...# .
#@#....# ## ..
##.##X.#.# . .
#...§○○°# #.. .
#.#...#XX## .##.*.#
...#.#XXXX4
....#... ...
#..XX#3#.#.#....#
#.#..#....#*......#
. .###..####.## ##
#. .. #.#.#. 4#§ #
#.


You could see 6 starcursed masses, a wretched star, a thrashing horror and a
sixfirhy.

Vanquished Creatures
  Bai Suzhen (Swamp:3)
  Saint Roka (Orc:2)
  Nikola (Spider:4)
  Rupert (Lair:5)
  A deep elf blademaster (Elf:2)
  A sphinx (Vaults:2)
  3 thorn hunters
  A shadow dragon (Vaults:3)
  Agnes (Spider:4)
  Kirke (Elf:1)
  Donald (Orc:2)
  A tengu reaver (Vaults:4)
  A fire giant (Vaults:4)
  A frost giant (Vaults:4)
  5 deep elf sorcerers
  8 vault wardens
  Louise (Elf:1)
  The ghost of semitonal the Fighter, a journeyman HuAM of Uskayaw (Orc:2)
  Aizul (Elf:2)
  6 ghost moths
  4 emperor scorpions
  A very ugly thing (Vaults:3)
  23 ironheart preservers
  7 stone giants
  4 entropy weavers
  A deep elf demonologist (Elf:2)
  3 deep elf annihilators
  2 spark wasps
  6 dire elephants (Lair:6)
  2 minotaurs
  9 purple draconians (WizLab)
  9 statues (WizLab)
  6 deep elf death magi
  3 ettins
  A crystal guardian (Vaults:3)
  7 yaktaur captains
  3 fire dragons
  4 small abominations
  A deep elf high priest (Elf:2)
  11 ogre magi
  4 great orbs of eyes
  4 ice dragons
  20 hydras
  3 vault guards
  3 shambling mangroves
  An anaconda (Lair:6)
  A catoblepas (D:15)
  A ghost crab (Swamp:4)
  2 death knights (Vaults:3)
  3 death yaks (Lair:4)
  7 centaur warriors
  Erica (Lair:2)
  9 alligators
  20 dancing weapons
  22 two-headed ogres
  Urug (Lair:1)
  2 deep troll shamans
  8 orc high priests
  A thrashing horror (Abyss:3)
  A vampire mage (D:14)
  Nergalle (Lair:3)
  35 deep elf knights
  A titan skeleton (D:15)
  5 skeletal warriors
  A fire crab (shapeshifter) (Vaults:2)
  2 shadow wraiths
  3 torturous demonspawn (Orc:2)
  3 spriggan druids
  A glowing orange brain (Vaults:4)
  4 unseen horrors
  An unseen horror (shapeshifter) (Elf:1)
  17 deep elf archers
  14 ironbrand convokers
  2 flayed ghosts
  13 deep trolls
  10 swamp dragons
  2 wizards
  2 wolf spider zombies
  20 orb spiders
  A tengu zombie (Vaults:2)
  2 necromancers
  17 orc knights
  44 wolf spiders
  8 orc sorcerers
  A cyclops (shapeshifter) (Vaults:3)
  15 ugly things
  An orb spider (shapeshifter) (Vaults:3)
  101 deep elf magi
  2 oklob plants
  3 manticores
  6 cyclopes
  A moth of wrath (shapeshifter) (Vaults:3)
  Joseph (D:9)
  5 moths of wrath
  Maurice (D:8)
  3 torpor snails
  22 elephants
  3 black mambas
  5 smoke demons
  A fire giant skeleton (D:15)
  7 vault sentinels
  A torpor snail (shapeshifter) (D:13)
  7 centaur skeletons
  Maggie (D:10)
  A gargoyle (D:12)
  2 orange demons (Orc:2)
  12 spiny frogs
  28 yaktaurs
  3 rime drakes (Lair:4)
  5 freezing wraiths
  8 komodo dragons
  An efreet (D:15)
  3 hellwings (Abyss:3)
  20 demonic crawlers
  3 red devils (Orc:2)
  10 trolls
  23 hornets
  A polar bear (Lair:4)
  46 jumping spiders
  11 blink frogs
  8 tyrant leeches
  3 bog bodies
  A deep troll zombie (D:15)
  13 raiju (Abyss:3)
  A wind drake (shapeshifter) (Vaults:3)
  11 hippogriffs
  4 dream sheep (Lair:5)
  39 slime creatures
  A hippogriff (shapeshifter) (Vaults:3)
  2 air elementals (Elf:1)
  2 large abominations (Abyss:3)
  79 redbacks
  A water elemental (Elf:1)
  Sigmund (D:6)
  4 wyverns
  A redback (shapeshifter) (D:15)
  2 shadows
  A tarantella (shapeshifter) (Vaults:2)
  2 wraiths
  Eustachio (D:5)
  46 tarantellas
  3 vampires
  2 hogs (Elf:1)
  9 spriggans
  A fire elemental (Elf:2)
  A hungry ghost (D:14)
  3 humans (Elf:1)
  37 yaks
  3 basilisks
  A basilisk (shapeshifter) (Vaults:4)
  A steam dragon (Lair:4)
  A neqoxec (Orc:2)
  3 human simulacra
  8 vampire mosquitoes
  Menkaure (D:5)
  Edmund (D:5)
  A soldier ant (D:12)
  14 swamp worms
  A naga (shapeshifter) (Vaults:2)
  10 insubstantial wisps
  3 wargs
  Duvessa (D:6)
  2 acid dragons (Vaults:2)
  11 water moccasins
  47 orc warriors
  9 porcupines
  11 swamp drakes
  5 ice beasts
  5 sky beasts
  2 black bears
  2 phantoms
  A wolf (shapeshifter) (Vaults:3)
  An eye of draining (D:12)
  33 ogres
  4 boggarts
  An elf skeleton (Vaults:2)
  21 wolves
  7 crocodiles
  16 centaurs
  15 bullfrogs
  2 big kobolds
  Blork the orc (D:5)
  Dowan (D:6)
  3 earth elementals
  4 gnoll sergeants
  A yaktaur skeleton (D:15)
  3 scorpions
  A wyvern skeleton (D:12)
  A water moccasin skeleton (D:9)
  An orc simulacrum (Vaults:2)
  6 wights
  A killer bee (D:8)
  2 electric eels
  2 howler monkeys
  6 starcursed masses (Abyss:3)
  4 centaur zombies
  7 crimson imps
  2 quasits (Abyss:3)
  35 orc priests
  3 gnoll shamans (D:7)
  A bullfrog skeleton (D:10)
  10 hounds
  6 jellies
  22 orc wizards
  4 iguanas
  12 worker ants
  A killer bee zombie (D:5)
  A hound skeleton (D:11)
  A worker ant zombie (D:6)
  26 gnolls
  7 adders
  5 shadow imps
  An ufetubus (Vaults:4)
  3 oozes
  An adder zombie (D:6)
  4 adder skeletons
  3 worms
  3 dart slugs
  2 leopard geckos
  91 orcs
  A ball python (D:2)
  4 bats
  10 giant cockroaches
  4 goblins
  8 hobgoblins
  7 jackals
  4 quokkas
  2 frilled lizards
  16 kobolds
  3 rats (D:1)
  11 briar patches (Swamp:4)
  4 crawling corpses
  3 fungi
  4 plants
1724 creatures vanquished.

Vanquished Creatures (others)
  A deep elf annihilator (Elf:1)
  A thrashing horror (Abyss:3)
  A deep elf knight (Elf:2)
  3 deep elf magi
  A jumping spider (Spider:1)
  An air elemental (Elf:2)
  A human (Elf:1)
  10 fungi
  19 plants
38 creatures vanquished.

Grand Total: 1762 creatures vanquished

Notes
Turn   | Place    | Note
-------+----------+-------------------------------------------
     0 | D:1      | EWolf27 the Hill Orc Fighter began the quest for the Orb.
     0 | D:1      | Reached XP level 1. HP: 19/19 MP: 1/1
    85 | D:1      | Reached skill level 4 in Fighting
    93 | D:1      | Reached XP level 2. HP: 14/27 MP: 2/2
   353 | D:1      | Reached XP level 3. HP: 33/33 MP: 3/3
   965 | D:2      | Found a stormy altar of Qazlal.
   967 | D:2      | Noticed a water elemental
   968 | D:2      | Noticed an air elemental
   968 | D:2      | Noticed a fire elemental
   968 | D:2      | Noticed an earth elemental
   984 | D:2      | Became a worshipper of Qazlal Stormbringer
  1106 | D:2      | Found a faded altar of an unknown god.
  1126 | D:2      | Reached skill level 5 in Axes
  1395 | D:2      | Reached XP level 4. HP: 40/40 MP: 4/4
  1845 | D:3      | Reached skill level 1 in Dodging
  2083 | D:3      | Reached XP level 5. HP: 44/46 MP: 5/5
  2132 | D:3      | Upgraded the game from 0.25.0-9-g26727b657a to
                  | 0.25.0-10-g039870ee82
  2135 | D:3      | Found a glowing silver altar of Zin.
  2137 | D:3      | Found a shimmering blue altar of Sif Muna.
  2139 | D:3      | Found a sparkling altar of Nemelex Xobeh.
  2398 | D:3      | Found a blossoming altar of Fedhas.
  2559 | D:3      | Reached * piety under Qazlal
  2559 | D:3      | Reached skill level 1 in Invocations
  2742 | D:4      | Found a runed translucent gate.
  2742 | D:4      | Found a runed translucent gate.
  2742 | D:4      | Found an opulent altar of Gozag.
  2742 | D:4      | Found a runed translucent gate.
  2743 | D:4      | Noticed Delamore's ghost (amateur GrFi)
  2821 | D:4      | Reached XP level 6. HP: 49/52 MP: 7/7
  2840 | D:4      | Found a staircase to the Ecumenical Temple.
  2956 | Temple   | Entered the Ecumenical Temple
  3643 | D:4      | Reached XP level 7. HP: 56/59 MP: 8/10
  3934 | D:5      | Entered Level 5 of the Dungeon
  4046 | D:5      | Noticed Edmund
  4064 | D:5      | Killed Edmund
  4064 | D:5      | Reached skill level 5 in Invocations
  4277 | D:5      | Noticed Eustachio
  4288 | D:5      | Killed Eustachio
  4355 | D:5      | Noticed Blork the orc
  4374 | D:5      | Killed Blork the orc
  4374 | D:5      | Reached XP level 8. HP: 59/66 MP: 12/12
  4861 | D:5      | Reached ** piety under Qazlal
  5202 | D:5      | Reached skill level 10 in Axes
  5218 | D:5      | Noticed Menkaure
  5229 | D:5      | Killed Menkaure
  5540 | D:6      | Noticed Sigmund
  5734 | D:6      | Reached XP level 9. HP: 71/71 MP: 15/15
  5735 | D:6      | Noticed Duvessa
  5736 | D:6      | Noticed Dowan
  5758 | D:6      | Killed Duvessa
  5771 | D:6      | Killed Dowan
  6140 | D:6      | Killed Sigmund
  6283 | D:6      | Reached skill level 10 in Invocations
  6837 | D:6      | HP: 3/71 [shadow imp/nerve-wracking pain (13)]
  7780 | D:7      | Reached *** piety under Qazlal
  8177 | D:7      | Reached XP level 10. HP: 72/78 MP: 18/18
  9851 | D:8      | Found a radiant altar of Vehumet.
  9916 | D:8      | Found a shadowy altar of Dithmenos.
 10323 | D:8      | Found a staircase to the Lair.
 10340 | D:8      | Noticed Maurice
 10361 | D:8      | Killed Maurice
 10613 | D:9      | Noticed Joseph
 11362 | D:9      | Reached skill level 5 in Armour
 11377 | D:9      | Reached skill level 5 in Shields
 11392 | D:9      | Killed Joseph
 11657 | D:9      | Found a runed translucent gate.
 11657 | D:9      | Found a runed translucent gate.
 11658 | D:9      | Found a runed translucent gate.
 11669 | D:9      | Noticed a two-headed ogre
 11683 | D:9      | Killed a two-headed ogre
 11683 | D:9      | Reached **** piety under Qazlal
 11683 | D:9      | Reached XP level 11. HP: 62/84 MP: 20/20
 12411 | D:9      | Noticed Tali's ghost (novice DsBe)
 12478 | D:10     | Entered Level 10 of the Dungeon
 12571 | D:10     | Found Giroeq's Magic Scroll Shop.
 12579 | D:10     | Bought a scroll of fog for 28 gold pieces
 12579 | D:10     | Bought a scroll of teleportation for 42 gold pieces
 12616 | D:10     | Noticed a moth of wrath
 12618 | D:10     | Identified the +8 eveningstar of Checks and Balances
                  | {flame, Int+3}
 12618 | D:10     | Noticed an orc knight
 12623 | D:10     | Found a transporter.
 12627 | D:10     | Found a bloodstained altar of Trog.
 12627 | D:10     | Noticed a two-headed ogre
 12627 | D:10     | Noticed a two-headed ogre
 12627 | D:10     | Noticed a cyclops
 12630 | D:10     | Noticed DungeonDestroyer's ghost (journeyman GnFi)
 12636 | D:10     | Found a transporter.
 12636 | D:10     | Noticed a two-headed ogre
 12671 | D:10     | Noticed Maggie
 12679 | D:10     | Killed Maggie
 12696 | D:10     | Noticed a two-headed ogre
 12705 | D:10     | Killed a two-headed ogre
 13537 | D:11     | Reached skill level 15 in Axes
 13538 | D:11     | Noticed a manticore
 13539 | D:11     | Killed an unseen horror
 13542 | D:11     | Killed a manticore
 13780 | D:11     | Noticed a manticore
 13790 | D:11     | Killed a manticore
 14969 | D:12     | Got a slimy broad axe
 14970 | D:12     | Identified the cursed +0 broad axe of Wealth {vorpal,
                  | *Corrode rElec Str+2 Dex+4} (You found it on level 12 of
                  | the Dungeon)
 15011 | D:12     | Reached XP level 12. HP: 59/91 MP: 21/21
 15419 | D:12     | Reached ***** piety under Qazlal
 15761 | D:12     | Found a staircase to the Orcish Mines.
 16200 | D:13     | Reached skill level 10 in Armour
 16227 | D:13     | Reached skill level 10 in Shields
 16577 | D:13     | Noticed a centaur warrior
 16585 | D:13     | Killed a centaur warrior
 16741 | D:12     | Upgraded the game from 0.25.0-10-g039870ee82 to
                  | 0.25.0-11-g1f837a76a1
 16984 | D:13     | Reached XP level 13. HP: 85/96 MP: 22/22
 17295 | D:13     | Identified the +2 scale mail of the Vaults {Str+4} (You
                  | found it on level 13 of the Dungeon)
 17432 | D:13     | Found Caemo's Demolitions Depot.
 17740 | D:13     | Found a gate to the Vaults.
 18442 | D:15     | Entered Level 15 of the Dungeon
 19475 | D:15     | Reached XP level 14. HP: 96/104 MP: 24/24
 20223 | D:15     | Found a staircase to the Depths.
 20642 | Lair:1   | Entered Level 1 of the Lair of Beasts
 20709 | Lair:1   | Found a gate leading to a gauntlet.
 20850 | Gauntlet | Entered a Gauntlet
 20850 | Gauntlet | Found a runed translucent door.
 20850 | Gauntlet | Found a transporter.
 20850 | Gauntlet | Found a runed translucent door.
 20850 | Gauntlet | Found a transporter.
 20859 | Gauntlet | Found a transporter.
 20863 | Gauntlet | Found a transporter.
 20867 | Gauntlet | Found a runed translucent door.
 20869 | Gauntlet | Found a runed translucent door.
 20871 | Gauntlet | Found a transporter.
 20875 | Gauntlet | Found a transporter.
 20883 | Gauntlet | Found a transporter.
 20899 | Gauntlet | Found a transporter.
 20913 | Gauntlet | Found a transporter.
 20917 | Gauntlet | Found a transporter.
 20928 | Gauntlet | Found a transporter.
 20929 | Gauntlet | Found a transporter.
 21069 | Gauntlet | Got a smoking marble ring
 21161 | Gauntlet | Reached skill level 5 in Dodging
 21175 | Gauntlet | Got a pair of translucent gloves
 21176 | Gauntlet | Identified the cursed ring of Democracy {*Contam rPois AC-4
                  | Str+2 Int+4} (You found it in a Gauntlet)
 21178 | Gauntlet | Identified the cursed +0 pair of gloves "Tipheoz" {-Cast
                  | *Drain rElec Int+8} (You found it in a Gauntlet)
 21567 | Lair:1   | Upgraded the game from 0.25.0-11-g1f837a76a1 to
                  | 0.25.0-15-gac7dcb8919
 21804 | Lair:1   | Reached skill level 15 in Invocations
 21881 | Lair:1   | Noticed Urug
 21905 | Lair:1   | Killed Urug
 22705 | Lair:2   | Reached ****** piety under Qazlal
 22821 | Lair:2   | Noticed Erica
 22833 | Lair:2   | Killed Erica
 23031 | Lair:2   | Found a staircase to the Swamp.
 23570 | Lair:3   | Found an ancient bone altar of Kikubaaqudgha.
 23733 | Lair:3   | Reached skill level 5 in Fighting
 23943 | Lair:3   | Noticed Nergalle
 23957 | Lair:3   | Killed Nergalle
 24603 | Lair:3   | Reached skill level 6 in Fighting
 24828 | Lair:4   | Reached XP level 15. HP: 104/116 MP: 26/26
 24833 | Lair:4   | Reached skill level 7 in Fighting
 25113 | Lair:4   | Identified a scroll of acquirement
 25114 | Lair:4   | Got the +9 broad axe "Xisaf" {venom, Str+2 Dex+4}
 25514 | Lair:4   | Found a hole to the Spider Nest.
 25767 | Lair:5   | Noticed Rupert
 25791 | Lair:5   | Killed Rupert
 25791 | Lair:5   | Reached skill level 8 in Fighting
 25791 | Lair:5   | Reached skill level 15 in Shields
 25812 | Lair:5   | Found a runed translucent door.
 25812 | Lair:5   | Found a viscous altar of Jiyva.
 25819 | Lair:5   | Found a staircase to the Slime Pits.
 25953 | Lair:5   | Reached skill level 9 in Fighting
 26318 | Lair:6   | Entered Level 6 of the Lair of Beasts
 26343 | Lair:6   | Reached skill level 1 in Evocations
 26355 | Lair:6   | Reached skill level 10 in Fighting
 27465 | Lair:6   | Reached skill level 11 in Fighting
 27681 | Lair:6   | Reached skill level 5 in Evocations
 28432 | Orc:1    | Entered Level 1 of the Orcish Mines
 28474 | Orc:2    | Entered Level 2 of the Orcish Mines
 28475 | Orc:2    | Noticed semitonal's ghost (journeyman HuAM)
 28508 | Orc:2    | Found a staircase to the Elven Halls.
 28575 | Orc:2    | Noticed Donald
 28878 | Orc:2    | Killed Donald
 29003 | Orc:2    | Found Kuesecze's General Store.
 29009 | Orc:2    | Found Vuorphext's General Store.
 29041 | Orc:2    | Reached XP level 16. HP: 106/139 MP: 23/27
 29051 | Orc:2    | Gained mutation: Your muscles are strong. (Str +2) [a
                  | neqoxec]
 29052 | Orc:2    | Gained mutation: You do not regenerate when monsters are
                  | visible. [a neqoxec]
 29301 | Orc:2    | Reached skill level 12 in Fighting
 29391 | Orc:2    | Noticed Saint Roka
 30039 | Orc:2    | Killed Saint Roka
 30295 | Orc:2    | Reached skill level 13 in Fighting
 30664 | Orc:2    | Reached skill level 14 in Fighting
 30814 | Orc:2    | Paralysed by an orc sorcerer for 7 turns
 31218 | Orc:2    | Found Itealeac's Antique Weapon Boutique.
 31218 | Orc:2    | Found Cubanuyq's Book Shop.
 31218 | Orc:2    | Found a one-way gate leading to the halls of Pandemonium.
 31399 | Orc:2    | Found a bloodstained altar of Trog.
 31829 | Orc:2    | Found a runed translucent gate.
 31829 | Orc:2    | Found a runed translucent gate.
 31829 | Orc:2    | Found a runed translucent gate.
 31860 | Orc:2    | Killed semitonal's ghost
 31860 | Orc:2    | Reached skill level 15 in Fighting
 32420 | D:12     | Upgraded the game from 0.25.0-15-gac7dcb8919 to
                  | 0.25.0-17-g773c8c6189
 32626 | Spider:1 | Entered Level 1 of the Spider Nest
 32876 | Spider:1 | Reached skill level 16 in Fighting
 33261 | Spider:1 | You fall into a shaft and drop 1 floor!
 33445 | Spider:2 | Reached XP level 17. HP: 131/160 MP: 28/28
 34288 | Spider:2 | Reached skill level 17 in Fighting
 37437 | Spider:4 | Entered Level 4 of the Spider Nest
 37437 | Spider:4 | Noticed Agnes
 37442 | Spider:4 | Killed Agnes
 38113 | Spider:4 | Reached XP level 18. HP: 168/171 MP: 30/30
 38125 | Spider:4 | Reached skill level 18 in Fighting
 38482 | Spider:4 | Identified the cursed +0 pair of gloves of the Morning Star
                  | {MR++}
 38482 | Spider:4 | Noticed Nikola
 38976 | Spider:4 | Killed Nikola
 40146 | Spider:4 | Got a gossamer rune of Zot
 40993 | Swamp:1  | Entered Level 1 of the Swamp
 43015 | Swamp:3  | Reached skill level 19 in Fighting
 43388 | Swamp:3  | Noticed Bai Suzhen
 43951 | Swamp:4  | Entered Level 4 of the Swamp
 44063 | Swamp:4  | Reached XP level 19. HP: 50/182 MP: 18/32
 44990 | Swamp:3  | Upgraded the game from 0.25.0-17-g773c8c6189 to
                  | 0.25.0-26-g0c896c7088
 45397 | Vaults:1 | Entered Level 1 of the Vaults
 45669 | Vaults:1 | Found Luacugas's Antique Weapon Emporium.
 45794 | Vaults:1 | Found a magical portal.
 45827 | WizLab   | Entered Iskenderun's Mystic Tower
 46092 | WizLab   | Reached skill level 15 in Armour
 46996 | WizLab   | Reached skill level 20 in Fighting
 47208 | WizLab   | Identified Iskenderun's Disquisition on Conjuration
 47208 | WizLab   | Identified Iskenderun's Reference Book on Battle Magic
 48417 | Vaults:1 | Reached XP level 20. HP: 181/193 MP: 34/34
 48425 | Vaults:1 | Reached skill level 1 in Maces & Flails
 50056 | Vaults:2 | Reached skill level 5 in Maces & Flails
 50115 | Vaults:2 | Found a staircase to the Crypt.
 50700 | Vaults:3 | Reached skill level 21 in Fighting
 51255 | Vaults:3 | Reached XP level 21. HP: 204/204 MP: 35/35
 53041 | Vaults:4 | Reached skill level 22 in Fighting
 53934 | Vaults:3 | Lost mutation: You do not regenerate when monsters are
                  | visible. [potion of mutation]
 53934 | Vaults:3 | Gained mutation: [Your spells are a little easier to cast,
                  | but a little less powerful.] [potion of mutation]
 53934 | Vaults:3 | Gained mutation: You are partially covered in large bone
                  | plates. (SH +4) [potion of mutation]
 53934 | Vaults:3 | Lost mutation: [Your spells are a little easier to cast,
                  | but a little less powerful.] [potion of mutation]
 55239 | Swamp:3  | Killed Bai Suzhen
 55511 | Swamp:3  | Found an ancient bone altar of Kikubaaqudgha.
 55761 | Swamp:4  | Reached XP level 22. HP: 216/217 MP: 37/37
 56143 | Swamp:4  | Got a decaying rune of Zot
 56191 | Swamp:4  | Reached skill level 23 in Fighting
 56641 | Elf:1    | Entered Level 1 of the Elven Halls
 57007 | Elf:1    | Identified the +4 tower shield of the Wilderness {rCorr
                  | Dex+2}
 57007 | Elf:1    | Noticed Louise
 57032 | Elf:1    | Killed Louise
 57334 | Elf:1    | Found Vollopox's Gadget Emporium.
 57401 | Elf:1    | Found Vuof Fei's Assorted Antiques.
 57411 | Elf:1    | Bought a scroll of teleportation for 90 gold pieces
 57411 | Elf:1    | Bought a scroll of blinking for 225 gold pieces
 57445 | Elf:1    | Noticed Kirke
 57455 | Elf:1    | Killed Kirke
 57507 | Elf:1    | Identified Sif Muna's Tome of the Entourage
 57740 | Elf:1    | Found a portal to a secret trove of treasure.
 58065 | Elf:1    | Found Ryheacukk's Book Shop.
 58140 | Elf:1    | Found Tuppaz's Assorted Antiques.
 58146 | Elf:1    | Bought a scroll of teleportation for 108 gold pieces
 58263 | Elf:2    | Noticed Aizul
 58369 | Elf:2    | Killed Aizul
 58417 | Elf:2    | Reached skill level 24 in Fighting
 59607 | Elf:2    | Found Hosuenim's Weapon Shop.
 59682 | Elf:2    | Found a huge runed translucent gate.
 59682 | Elf:2    | Found a huge runed translucent gate.
 59682 | Elf:2    | Found a huge runed translucent gate.
 59682 | Elf:2    | Found a huge runed translucent gate.
 59682 | Elf:2    | Found a huge runed translucent gate.
 59685 | Elf:2    | Identified the +10 long sword of Cruel Justice {flame,
                  | Str+4} (You found it on level 2 of the Elven Halls)
 60102 | Elf:2    | Cast into level 3 of the Abyss (+2 morningstar of
                  | distortion)
 60153 | Abyss:3  | Paralysed by accursed screaming for 1 turns
 60159 | Abyss:3  | Paralysed by accursed screaming for 2 turns
 60168 | Abyss:3  | Reached skill level 25 in Fighting
 60168 | Abyss:3  | Reached XP level 23. HP: 81/234 MP: 39/39
 60236 | Abyss:3  | Found a basalt altar of Yredelemnul.
 60460 | Abyss:3  | HP: 11/234 [starcursed mass/accursed screaming (8)]
 60463 | Abyss:3  | HP: 1/234 [starcursed mass/accursed screaming (10)]
 60467 | Abyss:3  | Killed from afar by a starcursed mass

Illustrated notes

Levels and vault maps discovered:
D:1:      dpeg_arrival_windows_large_door, layout_rooms
D:2:      layout_loops_ring, nicolae_qazlal_style_of_elements,
          chequers_ecumenical_altar_grove
D:3:      layout_basic, fedhas_altar_fruit_tree, grunt_temple_overflow_open
D:4:      layout_gridville, minmay_temple_entry_slanted, ebering_ghost_gozag,
          first_ration
D:5:      minmay_recursive_quarters, layout_loops_ring, uniq_edmund,
          uniq_blork_the_orc, uniq_eustachio, uniq_menkaure
D:6:      layout_cave_pods, minmay_checkerbox, uniq_duvessa, uniq_sigmund
D:7:      layout_cave_pools, serial_gnoll_camp, gnoll_camp_huts_basic,
          gnoll_camp_medium_01, gnoll_camp_mini_hut, gnoll_camp_mini_loothouse,
          minmay_bent
D:8:      layout_loops_ring, nicolae_dithmenos_the_darkroom,
          kennysheep_mini_moat, lair_entry_dummy, grunt_pizzeria, uniq_maurice
D:9:      layout_basic, gammafunk_ghost_spectres,
          chequers_serial_rivers_small_a, uniq_joseph
D:10:     layout_roguey, gammafunk_ghost_wrathful_warriors, serial_shops,
          shop_scrolls, nicolae_benzene_ring, minmay_misc_feat_diagonals,
          uniq_maggie
D:11:     layout_irregular_city
D:12:     layout_long_grid, david_orc_1_choice, minmay_circle_x
D:13:     layout_cave_pools, david_vaults_4, grunt_ministairs_15,
          nicolae_blasting_shop
D:14:     layout_cave_pools, minivault_25
D:15:     gammafunk_depths_entry_grave, layout_cave_pools, nicolae_wwwww,
          corexii_hall_statues_t
Temple:   regret_index_temple_waves
Lair:1:   layout_cave_pods, gauntlet_entry_generic, uniq_urug
Lair:2:   wad_woods_settlement, layout_gridlike, swamp_mist, uniq_erica
Lair:3:   layout_layer_cave, basic_altar, uniq_nergalle
Lair:4:   layout_misc_corridors, nicolae_spider_entry_tight_spaces,
          lemuel_fruit_fields
Lair:5:   layout_roguey, slime_altar_2, uniq_rupert
Lair:6:   due_jungle_book, layout_regular_city,
          lightli_volcano_entry_magma_tube, minmay_lair_oklob_bushes,
          serial_bayou_pond_d
Swamp:1:  layout_basic_swamp, evilmike_swamp_ruin_rubble_1
Swamp:2:  layout_basic_swamp, evilmike_swamp_ruin_house_3
Swamp:3:  layout_basic_swamp, serial_swamp_ruin, evilmike_swamp_ruin_house_4,
          hangedman_swamp_ruin_wall, evilmike_swamp_ruin_rubble_2, swamp_pool4,
          nicolae_swamp_godswood, infiniplex_staircase_pool, uniq_bai_suzhen
Swamp:4:  swamp, layout_basic_swamp
Spider:1: layout_spider_delve
Spider:2: spider_temple_joshua, hangedman_spider_tarantella_strand,
          nicolae_spider_cling_ruins
Spider:3: layout_chambers, guppyfry_spider_mini_1
Spider:4: spider_rune_water, hangedman_spider_mandibles, worms_lemuel,
          uniq_agnes, uniq_nikola
Orc:1:    layout_diamond_mine
Orc:2:    pf_orc_diabolical, layout_caves, basic_altar,
          maelrawn_ghost_gauntlet_escape, uniq_saint_roka, uniq_donald
Elf:1:    minmay_elf_arrival_summoners, layout_onion_city, serial_shops, shop,
          shop, shop, shop_statue, trove_entry_hex_spiral, minmay_elf_sorcery,
          uniq_louise, uniq_kirke
Elf:2:    layout_loops_corners, serial_shops, nicolae_shop_stone, uniq_aizul
Vaults:1: nicolae_vaults_network_star, nicolae_vaults_branching_niches,
          nicolae_vaults_big_ls, v_alt_pattern_2, vaults_dpeg_encased_lava,
          nicolae_vaults_network_square, nicolae_vaults_shelves_hall,
          v_alt_pattern_1, nicolae_vaults_shelves_hall, vaults_mumra_lcd,
          grunt_vaults_diagonal, layout_vaults_ring, serial_shops,
          nicolae_shop_overgrown_old_shop, mu_enter_wizlab_3
Vaults:2: ontoclasm_vaults_pinch, v_misc_5, nicolae_vaults_ring_of_whatevers,
          nicolae_vaults_border_crossing, layout_vaults_omnigrid,
          dummy_crypt_entry
Vaults:3: ontoclasm_vaults_spin, hangedman_vaults_trim, grunt_vaults_bifocal,
          nicolae_vaults_asterisk, nicolae_vaults_circle_grid_b,
          vaults_dpeg_cross, ontoclasm_vaults_hangar,
          nicolae_vaults_little_squares_1, vaults_room_corners,
          nicolae_vaults_halls_meeting, v_misc_9, vaults_room_fours,
          layout_vaults_omnicross
Vaults:4: v_misc_22, grunt_vaults_swirl, v_misc_4, v_misc_27,
          nicolae_vaults_little_squares_2, grunt_vaults_twisty,
          ontoclasm_vaults_gateway, vaults_mumra_minichess_inversion,
          nicolae_vaults_little_squares_1, serial_ice_b, layout_vaults_big_room
Abyss:3:  base: Temple, doesnt_abyss_rune_brain_food,
          hangedman_abyss_or_decor_jellyfish_corner, minivault_19,
          hangedman_abyss_rune_macabre_mess, hangedman_abyss_rune_macabre_mess,
          evilmike_abyss_exit_5

Skill      XL: |  1  2  3  4  5  6  7  8  9 10 11 12 13 14 15 16 17 18 19 20 21 22 |
---------------+-------------------------------------------------------------------+-----
Fighting       | 4 6 11 16 17 19 20 21 22 25 | 25.2
Axes           | 3 4 5 6 7 9 10 12 14 15 17 18 | 18.0
Dodging        | 1 4 6 |  6.0
Armour         | 4 6 8 10 12 14 15 16 | 16.0
Invocations    | 2 4 6 8 11 12 13 15 17 18 20 21 23 24 | 24.0
Shields        | 6 8 11 12 14 15 | 15.0
Evocations     | 6 |  6.0
Maces & Flails | 6 |  6.2
Stealth        | |  0.1

Action                   |  1- 3 |  4- 6 |  7- 9 | 10-12 | 13-15 | 16-18 | 19-21 | 22-24 || total
-------------------------+-------+-------+-------+-------+-------+-------+-------+-------++-------
Melee: War axe           |    86 |   151 |   380 |   394 |       |       |       |       ||  1011
       Broad axe         |       |       |       |   354 |  1032 |  1149 |  1115 |   414 ||  4064
       Whip              |       |       |       |       |    45 |    75 |   172 |    77 ||   369
Throw: Dart              |       |    12 |     5 |     2 |    24 |       |       |       ||    43
       Javelin           |       |       |       |       |     4 |    11 |    27 |       ||    42
Invok: Upheaval          |       |       |       |     2 |    11 |     9 |    12 |     9 ||    43
       Disaster Area     |       |       |       |       |     1 |     3 |     3 |       ||     7
Evoke: Wand              |       |       |       |       |       |     4 |     9 |       ||    13
  Use: Scroll            |       |     3 |    14 |     8 |    17 |    10 |    14 |     5 ||    71
       Potion            |       |     1 |     1 |     3 |     1 |     3 |     5 |     6 ||    20
 Stab: Distracted        |       |       |       |     1 |       |       |     1 |       ||     2
       Petrifying        |       |       |       |       |     3 |       |       |       ||     3
       Petrified         |       |       |       |       |     3 |       |       |       ||     3
       Invisible         |       |       |       |       |       |    11 |     5 |       ||    16
       Held in net/web   |       |       |       |       |       |     1 |       |       ||     1
  Eat: Ration            |     1 |     1 |     1 |     6 |     8 |     8 |     6 |     3 ||    34
       Chunk             |       |     3 |    10 |    10 |    12 |    20 |    17 |     5 ||    77
Armor: Scale mail        |    41 |    64 |   146 |   180 |    10 |       |       |       ||   441
       Chain mail        |       |       |       |       |   195 |   195 |       |       ||   390
       Plate armour      |       |       |       |       |       |   131 |   189 |   122 ||   442
Dodge: Dodged            |    21 |    53 |    84 |   185 |   237 |   405 |   229 |   141 ||  1355
       Repelled          |       |       |       |     5 |     9 |     7 |    18 |    19 ||    58
Block: Kite shield       |    44 |    78 |   242 |   671 |  1027 |  1612 |  1186 |   678 ||  5538
       Reflection        |       |       |       |    27 |     6 |    16 |   100 |    71 ||   220
